AoeStats
← Drumstein

Arena

508918847Analyzed
4v4 RM · 7d ago on Sep 24, 2026· 69m 53s· 8 players
Game mode
Random Map
Map size
Large (8 player)
Population
200
Speed
Normal
Resources
Standard
Victory
Conquest
Starting age
Dark Age
Ending age
Imperial Age
RankedLock teamsTeams togetherTeam positionsShared explorationLock speedFull tech treeHidden civsTurbo modeCheats
Victory
Defeat
🇩🇪 Turks · Germany
1099
+11
🇩🇪 Poles · Germany
1043
+13
🇩🇪 Danes · Germany
1026
+14
🇩🇪 Goths · Germany
969
+16
🇩🇪 Spanish · Germany
987
-14
🇧🇷 Cumans · Brazil
983
-14
🇮🇹 Malay · Italy
980
-14
🇦🇷 Bohemians · Argentina
946
-12
mncrl
10:54 Feudal Age
11:53 Loom
14:16 Castle Age
24:32 Forging
31:43 Iron Casting
32:57 Town Watch
34:49 Double-Bit Axe
34:45 Horse Collar
40:13 Wheelbarrow
44:04 Gold Mining
46:08 Heavy Plow
46:22 Bow Saw
51:12 Gold Shaft Mining
50:43 Murder Holes
51:10 Ballistics
51:16 Fletching
55:19 Imperial Age
53:05 Hand Cart
52:48 Bodkin Arrow
52:54 Padded Archer Armor
53:05 Thumb Ring
52:26 Crossbowman
55:06 Leather Archer Armor
55:33 Scale Barding Armor
56:57 Blast Furnace
57:06 Chemistry
56:19 Bracer
56:12 Light Cavalry
56:53 Husbandry
56:54 Arbalester
59:06 Leather Archer Armor
59:48 Elite Skirmisher
63:38 Heavy Scorpion
Big Tiozao
9:47 Feudal Age
10:22 Double-Bit Axe
12:36 Wheelbarrow
14:31 Horse Collar
20:21 Castle Age
18:18 Stone Mining
19:26 Gold Mining
19:23 Loom
20:34 Fletching
20:45 Padded Archer Armor
20:53 Scale Barding Armor
22:43 Bow Saw
26:07 Imperial Age
23:56 Hand Cart
24:10 Town Watch
25:35 Ballistics
25:27 Masonry
25:13 Murder Holes
27:01 Bow Saw
28:38 Conscription
28:47 Fletching
28:58 Padded Archer Armor
29:04 Scale Barding Armor
29:56 Gold Shaft Mining
29:39 Steppe Husbandry
30:51 Chemistry
31:03 Two-Man Saw
31:04 Bodkin Arrow
31:24 Leather Archer Armor
31:29 Chain Barding Armor
30:54 Elite Steppe Lancer
31:45 Bloodlines
32:24 Cavalier
35:22 Heavy Plow
38:00 Crop Rotation
38:26 Ring Archer Armor
38:31 Plate Barding Armor
38:08 Forging
39:53 Caravan
40:24 Coinage
39:27 Elite Kipchak
42:04 Banking
42:31 Cuman Mercenaries
42:32 Paladin
46:24 Iron Casting
47:48 Fervor
47:58 Sanctity
47:39 Devotion
47:46 Atonement
54:04 Blast Furnace
53:27 Caravan
60:27 Light Cavalry
61:06 Hussar
Drumstein
0:36 Loom
12:49 Feudal Age
13:26 Double-Bit Axe
19:04 Castle Age
17:17 Stone Mining
20:01 Bow Saw
20:08 Squires
21:23 Husbandry
22:41 Bloodlines
21:54 Pikeman
27:38 Forging
27:03 Elite Skirmisher
35:55 Wheelbarrow
34:55 Man-at-Arms
36:04 Long Swordsman
40:29 Town Watch
41:58 Gambesons
42:27 Horse Collar
45:31 Imperial Age
48:54 Chemistry
54:25 Gold Mining
56:08 Two-Man Saw
61:52 Thumb Ring
64:05 Conscription
BatManZurdo
13:07 Feudal Age
13:09 Loom
17:13 Castle Age
16:11 Padded Archer Armor
16:12 Double-Bit Axe
17:17 Horse Collar
19:57 Wheelbarrow
22:54 Leather Archer Armor
24:14 Fletching
24:52 Bow Saw
27:14 Hand Cart
28:41 Bodkin Arrow
29:44 Husbandry
32:21 Heavy Plow
36:03 Scale Mail Armor
36:14 Forging
37:12 Chemistry
36:32 Ballistics
36:24 Masonry
36:10 Murder Holes
44:30 Fortified Wall
48:40 Imperial Age
54:25 Town Watch
55:58 Two-Man Saw
57:07 Town Patrol
Sir Doderich
4:50 Loom
12:13 Feudal Age
17:04 Castle Age
22:30 Wheelbarrow
22:54 Double-Bit Axe
23:44 Squires
23:30 Arson
24:33 Scale Mail Armor
24:44 Forging
24:28 Gambesons
25:07 Bow Saw
24:40 Horse Collar
26:06 Fletching
27:14 Chain Mail Armor
28:29 Iron Casting
30:00 Hand Cart
31:05 Bodkin Arrow
33:55 Heavy Plow
34:33 Town Watch
36:16 Gold Mining
36:21 Stone Mining
39:54 Imperial Age
40:15 Ballistics
40:38 Murder Holes
41:04 Ballistics
42:43 Conscription
42:49 Elite Varangian Guard
45:03 Gold Shaft Mining
45:12 Caravan
45:49 Hamask
48:53 Bracer
48:55 Padded Archer Armor
49:03 Elite Skirmisher
50:02 Thumb Ring
53:05 Leather Archer Armor
53:51 Blast Furnace
53:22 Plate Mail Armor
54:32 Chemistry
56:50 Ring Archer Armor
t0x
9:50 Loom
12:10 Feudal Age
17:19 Castle Age
18:13 Fletching
44:55 Horse Collar
48:12 Imperial Age
48:08 Town Watch
48:59 Wheelbarrow
49:32 Conscription
50:29 Heavy Plow
53:20 Elite Obuch
54:07 Szlachta Privileges
55:29 Crop Rotation
56:06 Scale Mail Armor
56:17 Forging
57:14 Hand Cart
57:57 Bloodlines
57:47 Husbandry
59:51 Iron Casting
59:32 Chain Mail Armor
59:18 Gold Mining
60:09 Elite Skirmisher
62:16 Double-Bit Axe
63:34 Blast Furnace
63:05 Plate Mail Armor
64:03 Padded Archer Armor
65:04 Ballistics
65:45 Chemistry
65:12 Stone Mining
66:32 Lechitic Legacy
65:55 Cavalier
JoeExotic_Hochheim
12:08 Feudal Age
16:08 Castle Age
15:04 Double-Bit Axe
15:03 Horse Collar
24:05 Wheelbarrow
23:16 Loom
23:37 Squires
24:55 Heavy Plow
25:10 Scale Mail Armor
27:03 Man-at-Arms
28:55 Pikeman
29:56 Chain Mail Armor
29:51 Forging
33:16 Imperial Age
30:52 Anarchy
32:16 Iron Casting
32:14 Hand Cart
34:46 Conscription
34:42 Halberdier
37:18 Blast Furnace
38:28 Elite Huskarl
42:21 Long Swordsman
54:30 Perfusion
56:45 Caravan
[LES] Cpt_Ragequote
14:06 Feudal Age
15:00 Double-Bit Axe
15:06 Gold Mining
15:03 Horse Collar
17:43 Castle Age
19:34 Bow Saw
22:02 Imperial Age
21:45 Padded Archer Armor
27:20 Town Watch
36:49 Scale Barding Armor
36:55 Forging
36:34 Heavy Camel Rider
37:15 Husbandry
38:04 Bloodlines
38:13 Heavy Plow
38:40 Stone Mining
41:05 Gold Shaft Mining
41:28 Wheelbarrow
41:01 Loom
42:25 Chain Barding Armor
43:39 Ballistics
43:31 Fortified Wall
47:26 Plate Barding Armor
48:54 Plate Barding Armor
48:54 Iron Casting
55:50 Two-Man Saw
58:48 Blast Furnace
57:48 Scale Mail Armor
57:39 Fletching
62:51 Leather Archer Armor
64:37 Artillery
66:28 Caravan
Connection lost

Rejoining the realm…

Still unreachable

The connection could not be restored.

Session expired

The server has moved on; the page needs a fresh start.